 Dungeon Crawl Stone Soup version 0.22-a0-570-g58866f5 (webtiles) character file.

4965 Gildeon the Archer (level 10, -1/81 HPs)
             Began as a Centaur Hunter on June 30, 2018.
             Was a Follower of Okawaru.
             Slain by Psyche
             ... wielding a +3 dagger of distortion
              (17 damage)
             ... on level 8 of the Dungeon.
             The game lasted 01:07:21 (8291 turns).

Gildeon the Archer (Centaur Hunter)                 Turns: 8291, Time: 01:07:22

Health: -1/81      AC:  8    Str: 15    XL:     10   Next: 28%
Magic:  11/11      EV: 14    Int: 10    God:    Okawaru [*.....]
Gold:   297        SH:  0    Dex: 15    Spells: 8/11 levels left

rFire    . . .     SeeInvis .   y - +0 glaive
rCold    + . .     Gourm    .   (shield currently unavailable)
rNeg     . . .     Faith    .   p - +2 robe {rC+}
rPois    .         Spirit   .   x - +1 helmet
rElec    .         Reflect  .   (no cloak)
rCorr    .         Harm     .   (no gloves)
MR       .....                  (no barding)
Stlth    +.........             j - amulet of magic regeneration
HPRegen  0.23/turn              A - +2 ring of dexterity
MPRegen  0.37/turn              w - +2 ring of evasion

@: very quick
A: large, hooves 3, deformed body, speed 2, tough skin 3
a: Heroism, Renounce Religion


You were on level 8 of the Dungeon.
You worshipped Okawaru.
Okawaru was aware of your devotion.
You were not hungry.

You visited 2 branches of the dungeon, and saw 9 of its levels.

You collected 297 gold pieces.

Inventory:

Hand Weapons
 a - a +3 shortbow
 h - a +2 falchion of flaming
 k - a +0 spear
 y - a +0 glaive (weapon)
Missiles
 d - 109 arrows
Armour
 c - a +1 leather armour
 p - a +2 robe of cold resistance (worn)
 x - a +1 helmet (worn)
Jewellery
 b - an uncursed ring of flight
 j - an amulet of magic regeneration (around neck)
 w - a +2 ring of evasion (right hand)
 A - a +2 ring of dexterity (left hand)
Wands
 m - a wand of acid (8)
 n - a wand of clouds (2)
 z - a wand of paralysis (9)
Scrolls
 g - a scroll of blinking
 o - 3 scrolls of remove curse
Potions
 e - 3 potions of cancellation
 i - a potion of magic
 l - 2 potions of agility
 q - a potion of heal wounds
 r - a potion of ambrosia
 t - 3 potions of invisibility
 u - 2 potions of lignification {unknown}
 v - 2 potions of curing
 B - a potion of flight {unknown}
Comestibles
 f - 13 rations
 s - 2 chunks of flesh


   Skills:
 - Level 5.0 Fighting
 - Level 5.2 Polearms
 * Level 14.3 Bows
 + Level 0.2 Armour
 - Level 5.0 Dodging
 - Level 0.4 Stealth
 - Level 1.0 Spellcasting
 + Level 1.1 Conjurations
 - Level 2.2 Invocations
 - Level 2.0 Evocations


You had 8 spell levels left.
You knew the following spells:

 Your Spells              Type           Power        Failure   Level  Hunger
a - Magic Dart            Conj           #...         22%         1    ##.....
b - Searing Ray           Conj           #.....       32%         2    ###....

Your spell library contained the following spells:

 Spells                   Type           Power        Failure   Level  Hunger
 Iskenderun's Mystic Bla  Conj           #.......     91%         4    #####..
 Fulminant Prism          Conj/Hex       #.........   95%         4    #####..
 Dazzling Spray           Conj/Hex       #.....       63%         3    ####...
 Force Lance              Conj/Tloc      #.......     95%         4    #####..


Dungeon Overview and Level Annotations

Branches:
Dungeon (8/15)             Temple (1/1) D:7
   Lair: D:8-11

Altars:
Ashenzari
Cheibriados
Dithmenos
Elyvilon
Fedhas
Gozag
Hepliaklqana
Kikubaaqudgha
Makhleb
Nemelex Xobeh
Okawaru
Qazlal
Ru
Sif Muna
Trog
Uskayaw
Vehumet
Wu Jian
Xom
Yredelemnul
Zin
The Shining One

Shops:
D:7 !

Annotations:
D:8 Psyche


Innate Abilities, Weirdness & Mutations

You have hooves in place of feet.
Armour fits poorly on your strangely shaped body.
You cover ground very quickly.
You have extremely tough skin. (AC +3)


Message History

Something hits you. Space bends around you.
You miss something. Your kick misses something.
You hear some strange, mumbled words.
A magic dart appears from out of thin air!
The magic dart hits you! Something hits you.
You blink.
You hear some strange, mumbled words.
A puff of frost appears from out of thin air!
The puff of frost hits you! You resist.
You miss something. You kick something. Something hits you.
Space warps horribly around you!
* * * LOW HITPOINT WARNING * * *
Something barely misses you.
You barely miss something. You kick something.
You hear some strange, mumbled words.
A puff of frost appears from out of thin air!
The puff of frost hits you! You resist.
* * * LOW HITPOINT WARNING * * *
You closely miss something. Your kick misses something.
Something hits you but does no damage. Space warps horribly around you!
You die...

....(...........#.#.#
((..((...##.#...#.#.##
##########......†......#
#..'([...#....##....#.##
#).#.....####.#........#
#'###'''##..........#.##
#.≈P.....#............#
#P≈≈.....####.#...#.###
#≈≈≈..P..####.#@..#.##
#P≈......#....{......#
#PP≈.(.≈.####.#.#....##
#####.##### #.#........
#.###.# #.#.###.###
#.(...# #.#.# ## #####.#
###.# ##########.#####.#
....†..†.........#


There were no monsters in sight!

Vanquished Creatures
  A hydra (D:8)
  Pikel (D:3)
  2 dream sheep (D:8)
  A wyvern (D:7)
  2 yaks (D:8)
  Menkaure (D:6)
  2 hungry ghosts (D:7)
  Duvessa (D:4)
  3 phantoms
  An orc warrior (D:6)
  A slave (D:3)
  2 ogres
  A sky beast (D:8)
  2 ice beasts
  2 necrophages
  4 centaurs
  3 big kobolds (D:8)
  3 bullfrogs
  6 killer bees (D:7)
  A howler monkey (D:7)
  2 bullfrog zombies
  A crimson imp (D:8)
  A jelly (D:5)
  3 orc priests
  3 hounds
  4 orc wizards
  An iguana (D:6)
  Natasha (thrice) (D:2)
  2 worker ants
  A hound skeleton (D:4)
  A worker ant zombie (D:7)
  7 adders
  A shadow imp (D:6)
  An adder skeleton (D:7)
  A worm (D:3)
  6 dart slugs (D:4)
  5 leopard geckos
  27 orcs
  2 giant cockroaches
  4 goblins
  6 hobgoblins
  9 jackals
  4 kobolds
  4 quokkas
  4 bats
  6 frilled lizards
  A leopard gecko skeleton (D:3)
  A leopard gecko zombie (D:6)
  5 rats
  A plant (D:8)
157 creatures vanquished.

Vanquished Creatures (others)
  3 slaves
  Dowan (D:4)
  A crimson imp (D:6)
  2 orc wizards
  An orc priest (D:4)
  An adder (D:6)
  2 dart slugs (D:4)
  An orc (D:4)
  A quokka (D:6)
13 creatures vanquished.

Grand Total: 170 creatures vanquished

Notes
Turn   | Place    | Note
-------+----------+-------------------------------------------
     0 | D:1      | Gildeon the Centaur Hunter began the quest for the Orb.
     0 | D:1      | Reached XP level 1. HP: 17/17 MP: 1/1
   336 | D:1      | Reached XP level 2. HP: 24/24 MP: 2/2
   729 | D:2      | Noticed Natasha
   736 | D:2      | HP: 1/24 [Natasha (9)]
   739 | D:2      | Killed Natasha
   739 | D:2      | Reached skill level 6 in Bows
   739 | D:2      | Reached XP level 3. HP: 2/30 MP: 3/3
  1345 | D:2      | Noticed Natasha
  1368 | D:2      | Killed Natasha
  1368 | D:2      | Reached XP level 4. HP: 26/37 MP: 4/4
  1423 | D:2      | Noticed Natasha
  1439 | D:2      | Killed Natasha
  1864 | D:3      | Reached skill level 7 in Bows
  2081 | D:3      | Reached XP level 5. HP: 39/45 MP: 5/5
  2821 | D:4      | Noticed Pikel
  2821 | D:4      | Noticed a slave
  2821 | D:4      | Noticed a slave
  2821 | D:4      | Noticed a slave
  2821 | D:4      | Noticed a slave
  2880 | D:3      | Killed a slave
  3081 | D:3      | Killed Pikel
  3081 | D:3      | Reached skill level 9 in Bows
  3081 | D:3      | Reached XP level 6. HP: 49/52 MP: 6/6
  3081 | D:3      | Reached XP level 7. HP: 56/59 MP: 7/7
  3520 | D:4      | Killed Dowan
  3933 | D:4      | Noticed Duvessa
  3959 | D:4      | Killed Duvessa
  4245 | D:5      | Entered Level 5 of the Dungeon
  4405 | D:5      | Reached skill level 5 in Fighting
  4405 | D:5      | Reached skill level 10 in Bows
  4405 | D:5      | Reached XP level 8. HP: 56/68 MP: 8/8
  4553 | D:5      | Learned a level 1 spell: Magic Dart
  4556 | D:5      | Learned a level 2 spell: Searing Ray
  5181 | D:6      | Reached skill level 1 in Polearms
  5373 | D:6      | Found an ornate altar of the Wu Jian Council.
  5698 | D:6      | Reached skill level 11 in Bows
  5986 | D:6      | Noticed Menkaure
  5992 | D:6      | Killed Menkaure
  6431 | D:7      | Reached XP level 9. HP: 66/74 MP: 9/9
  6456 | D:7      | Reached skill level 12 in Bows
  7036 | D:7      | Reached skill level 5 in Dodging
  7439 | D:7      | Reached skill level 1 in Evocations
  7519 | D:7      | Reached skill level 13 in Bows
  7519 | D:7      | Reached skill level 1 in Conjurations
  7736 | D:7      | Found Noxastre's Distillery.
  7760 | D:7      | Found a staircase to the Ecumenical Temple.
  7766 | Temple   | Entered the Ecumenical Temple
  7774 | Temple   | Became a worshipper of Warmaster Okawaru
  7924 | D:8      | Reached skill level 1 in Spellcasting
  8034 | D:8      | Reached skill level 1 in Invocations
  8044 | D:8      | Reached * piety under Okawaru
  8051 | D:8      | Reached XP level 10. HP: 56/81 MP: 11/11
  8143 | D:8      | Noticed a three-headed hydra
  8161 | D:8      | Killed a one-headed hydra
  8161 | D:8      | Reached skill level 5 in Polearms
  8161 | D:8      | Reached skill level 14 in Bows
  8262 | D:8      | Noticed Psyche
  8291 | D:8      | Slain by Psyche

Vault maps used:
D:1:      dpeg_arrival_boxorama, minmay_misc_feat_encased
D:2:      minmay_pentomino_r2, uniq_natasha
D:4:      kennysheep_slugbush, first_ration, nicolae_underground_beach,
          uniq_pikel, uniq_duvessa
D:6:      old_standard_altar, st_stairs_14, uniq_menkaure
D:7:      minmay_temple_entry_fiery, serial_shops, shop
D:8:      david_lair_generic, minmay_curled_crystal, nicolae_sextant,
          hangedman_ranch, minivault_11, uniq_prince_ribbit1, uniq_grum,
          uniq_psyche
Temple:   compressed_dpeg_circular_temple

Skill      XL: |  1  2  3  4  5  6  7  8  9 10 |
---------------+-------------------------------+-----
Bows           | 6 7 9 10 11 13 14 | 14.3
Dodging        | 2 3 4 5 |  5.0
Fighting       | 3 4 5 |  5.0
Polearms       | 2 4 5 |  5.2
Evocations     | 1 2 |  2.0
Conjurations   | 1 |  1.1
Spellcasting   | 1 |  1.0
Invocations    | 1 2 |  2.2
Armour         | |  0.2
Stealth        | |  0.4

Action                   |  1- 3 |  4- 6 |  7- 9 | 10-12 || total
-------------------------+-------+-------+-------+-------++-------
Melee: Spear             |       |       |       |    24 ||    24
       Kick              |       |       |       |    16 ||    16
       Glaive            |       |       |       |    14 ||    14
       Falchion          |       |       |       |    10 ||    10
 Fire: Shortbow          |    58 |   136 |   453 |    25 ||   672
Evoke: Wand              |       |       |     2 |       ||     2
  Use: Scroll            |     6 |     9 |     9 |       ||    24
       Potion            |     3 |       |     1 |     2 ||     6
  Eat: Chunk             |       |     4 |     2 |       ||     6
       Ration            |       |       |     3 |       ||     3
Armor: Leather armour    |     8 |    16 |       |       ||    24
       Robe              |       |       |    27 |    13 ||    40
Dodge: Dodged            |    12 |    20 |    74 |    14 ||   120
       Rpst.: Falchion   |       |       |       |     2 ||     2

Table legend:
 A = Spawn XP
 B = Non-spawn XP
 C = Spawn XP percentage of total XP
 D = Spawn monster count
 E = Non-spawn monster count
 F = Spawn count percentage of total count
 G = Total turns spent on level
                    A         B        C        D         E        F      G
               +---------+---------+-------+---------+---------+-------+---------
         Total |       0 |    7094 |   0.0 |       0 |     155 |   0.0 |  8291
               +---------+---------+-------+---------+---------+-------+---------
           D:1 |       0 |      17 |   0.0 |       0 |      10 |   0.0 |  1003
           D:2 |       0 |     160 |   0.0 |       0 |      22 |   0.0 |   845
           D:3 |       0 |     700 |   0.0 |       0 |      26 |   0.0 |  1295
           D:4 |       0 |     364 |   0.0 |       0 |      25 |   0.0 |  1102
           D:5 |       0 |     346 |   0.0 |       0 |       7 |   0.0 |   872
           D:6 |       0 |     887 |   0.0 |       0 |      24 |   0.0 |  1078
           D:7 |       0 |    2214 |   0.0 |       0 |      30 |   0.0 |  1589
           D:8 |       0 |    2406 |   0.0 |       0 |      11 |   0.0 |   377
               +---------+---------+-------+---------+---------+-------+---------
